 Dungeon Crawl Stone Soup version 0.22.1-1-ga44c0e5 (webtiles) character file.

405 Velaskes the Skirmisher (level 6, -4/49 HPs)
             Began as a Demonspawn Abyssal Knight on Oct 30, 2018.
             Was a Priest of Lugonu.
             Slain by Pikel
             ... wielding a +1 whip of electrocution
              (15 damage)
             ... on level 4 of the Dungeon.
             The game lasted 00:22:20 (4495 turns).

Velaskes the Skirmisher (Demonspawn Abyssal Knight) Turns: 4495, Time: 00:22:20

Health: -4/49      AC: 11    Str: 14    XL:     6   Next: 56%
Magic:  8/8        EV:  1    Int: 13    God:    Lugonu [***...]
Gold:   223        SH: 11    Dex: 13    Spells: 5/5 levels left

rFire    . . .     SeeInvis .   a - +1 mace
rCold    . . .     Gourm    .   b - +0 large shield
rNeg     . . .     Faith    .   h - +0 plate armour
rPois    .         Spirit   .   (no helmet)
rElec    .         Reflect  .   (no cloak)
rCorr    .         Harm     .   (no gloves)
MR       .....                  (no boots)
Stlth    ..........             (no amulet)
HPRegen  0.16/turn              (no ring)
MPRegen  0.11/turn              (no ring)

@: berserk cooldown, flying, slowed, very slow
A: claws 1, powered by death 1, powered by pain 1, sturdy frame 1
a: Depart the Abyss, Bend Space, Banish, Renounce Religion


You were on level 4 of the Dungeon.
You worshipped Lugonu.
Lugonu was most pleased with you.
You were not hungry.

You visited 1 branch of the dungeon, and saw 4 of its levels.
You visited the Abyss 1 time.

You collected 223 gold pieces.

Inventory:

Hand Weapons
 a - a +1 mace (weapon)
 e - a +0 arbalest
Missiles
 j - 15 poisoned needles
Armour
 b - a +0 large shield (worn)
 h - a +0 plate armour (worn)
 m - a cursed +0 robe
Wands
 u - a wand of flame (11)
Scrolls
 f - 6 scrolls of remove curse {unknown}
 i - 2 scrolls of enchant armour {unknown}
 n - 2 scrolls of identify {unknown}
 o - a scroll of enchant weapon {unknown}
 q - 2 scrolls of amnesia {unknown}
 t - a scroll of blinking {unknown}
Potions
 g - a potion of flight
 k - a potion of berserk rage
 l - a potion of invisibility {unknown}
 p - a potion of haste {unknown}
 r - a potion of degeneration {unknown}
 s - a potion of curing {unknown}
Comestibles
 c - 4 rations


   Skills:
 + Level 4.5 Fighting
 + Level 3.9 Maces & Flails
 + Level 3.4 Armour
 + Level 1.3 Dodging
 + Level 0.2 Stealth
 + Level 1.1 Shields
 + Level 2.9 Invocations
 + Level 1.0 Evocations


You had 5 spell levels left.
You didn't know any spells.
Your spell library was empty.

Dungeon Overview and Level Annotations

Branches:
Dungeon (4/15)
 Temple: D:4-7

Altars:
Fedhas
Hepliaklqana
Makhleb
Xom
The Shining One

Annotations:
D:4 Pikel


Innate Abilities, Weirdness & Mutations

You have sharp fingernails.
You regenerate a little health from kills.
You sometimes gain a little power by taking damage.
Your movements are slightly less encumbered by armour. (ER -2)


Message History

A red film seems to cover your vision as you go berserk!
You feel yourself moving faster!
You feel mighty! Pikel hits you but does no damage.
You are electrocuted!
* * * LOW HITPOINT WARNING * * *
You are too berserk!
You are too berserk!
You are too berserk!
You miss Pikel.
Pikel is heavily wounded.
Pikel hits you with a whip of electrocution.
* * * LOW HITPOINT WARNING * * *
You block Pikel's attack.
You feel a strong urge to attack something.
You feel your anger nearly subside.
You are no longer berserk.
You are exhausted.
You feel yourself slow down. You block Pikel's attack.
Pikel is no longer unusually resistant.
Pikel hits you but does no damage.
You are electrocuted!
You die...

####################.#.#
.........#.......# #.#.#
.#######.#.#####.###.#.# .#
#.#.#####.....#.# .#
#.#.....#######.#
########.#.....# #.#
.........+.....# ###.##########
#.######.#.....#####.............
'............ppK@..........>####.
#.######.#.#..##........##.......
#.# #.#.##.##........##.######
#.# #.#.##p##........##.# ### #.#
#.#.##..#...........###### #.#
#.#.###p#.............'_+. #.#
#.#.###.#####+#.....###+## #.#
#.#.........# #.....# #.# #.#
#.#.###.###.# #.....###.##


You could see Pikel and 2 slaves.

Vanquished Creatures
  Sigmund (D:4)
  A phantom (D:4)
  A bullfrog skeleton (D:4)
  A hound (D:3)
  A worker ant (D:4)
  An adder (D:2)
  A worm (D:3)
  2 dart slugs
  4 leopard geckos
  12 orcs
  9 bats
  5 giant cockroaches
  5 goblins
  2 hobgoblins
  4 jackals (D:2)
  A quokka (D:4)
  2 frilled lizards (D:1)
  4 kobolds (D:1)
  A quokka skeleton (D:4)
  8 rats
66 creatures vanquished.

Notes
Turn   | Place    | Note
-------+----------+-------------------------------------------
     0 | Abyss:1  | Velaskes the Demonspawn Abyssal Knight began the quest for
                  | the Orb.
     0 | Abyss:1  | Reached XP level 1. HP: 18/18 MP: 2/2
    66 | D:1      | Escaped the Abyss
   687 | D:1      | Gained mutation: You regenerate a little health from kills.
                  | [demonic ancestry]
   687 | D:1      | Reached XP level 2. HP: 16/24 MP: 4/4
   839 | D:1      | Reached skill level 1 in Dodging
  1723 | D:2      | Reached ** piety under Lugonu
  1737 | D:2      | Gained mutation: You sometimes gain a little power by
                  | taking damage. [demonic ancestry]
  1737 | D:2      | Reached XP level 3. HP: 29/29 MP: 5/5
  1922 | D:2      | Found a blossoming altar of Fedhas.
  1950 | D:2      | Found a glowing golden altar of the Shining One.
  2591 | D:2      | Found a shimmering altar of Xom.
  3120 | D:3      | Found a burning altar of Makhleb.
  3133 | D:3      | Reached skill level 4 in Fighting
  3133 | D:3      | Gained mutation: You have sharp fingernails. [demonic
                  | ancestry]
  3133 | D:3      | Reached XP level 4. HP: 31/37 MP: 6/6
  3832 | D:4      | Reached XP level 5. HP: 38/42 MP: 7/7
  3858 | D:4      | Noticed a phantom
  3866 | D:4      | Killed a phantom
  4029 | D:4      | Found a hazy altar of Hepliaklqana.
  4408 | D:4      | Reached *** piety under Lugonu
  4449 | D:4      | Noticed Sigmund
  4453 | D:4      | Noticed a slave
  4454 | D:4      | Noticed a slave
  4455 | D:4      | Killed Sigmund
  4455 | D:4      | Reached skill level 1 in Shields
  4455 | D:4      | Reached skill level 1 in Evocations
  4455 | D:4      | Gained mutation: Your movements are slightly less
                  | encumbered by armour. (ER -2) [demonic ancestry]
  4455 | D:4      | Reached XP level 6. HP: 45/49 MP: 8/8
  4455 | D:4      | Noticed a slave
  4457 | D:4      | Noticed Pikel
  4459 | D:4      | Noticed a slave
  4495 | D:4      | Slain by Pikel

Skill      XL: |  1  2  3  4  5 |
---------------+----------------+-----
Dodging        | 1 |  1.3
Maces & Flails | 2 3 |  3.9
Armour         | 2 3 |  3.4
Fighting       | 4 |  4.5
Shields        | 1 |  1.1
Evocations     | 1 |  1.0
Stealth        | |  0.2
Invocations    | |  2.9

Action                   |  1- 3 |  4- 6 || total
-------------------------+-------+-------++-------
Melee: Mace              |   137 |   125 ||   262
Invok: Bend Space        |       |     1 ||     1
Evoke: Wand              |       |    13 ||    13
  Use: Scroll            |     2 |       ||     2
       Potion            |       |     2 ||     2
  Eat: Chunk             |     4 |     1 ||     5
       Ration            |     1 |     1 ||     2
Armor: Ring mail         |    22 |       ||    22
       Plate armour      |   196 |    82 ||   278
Dodge: Dodged            |    73 |     9 ||    82
Block: Large shield      |       |    53 ||    53
